[Event "Titled Tuesday Blitz May 17 Late 2022"]
[White "Tologon tegin, Semetei"]
[Black "Jobava, Baadur"]
[WhiteFideId "13800574"]
[BlackFideId "13601520"]
[WhiteElo "2258"]
[BlackElo "2617"]
[Result "0-1"]
[Round "04"]
[TimeControl "180+1"]
[Date "2022.05.17"]
[WhiteClock "0:00:06"]
[BlackClock "0:00:57"]

1. e4 c6 2. d4 d5 3. e5 Bf5 4. Nf3 e6 5. Be2 h6 6. O-O Ne7 7. Nbd2 Bh7 8. Nb3 Ng6 9. Be3 Be7 10. c4 O-O 11. Rc1 Re8 12. Qd2 Bf8 13. g3 Ne7 14. Bf4 Nd7 15. Rfd1 dxc4 16. Bxc4 Nb6 17. Bf1 Ned5 18. a3 Nxf4 19. Qxf4 Nd5 20. Qd2 Qb6 21. Nc5 Red8 22. Bd3 Bxd3 23. Nxd3 a5 24. h4 a4 25. h5 Ra5 26. g4 Rb5 27. Kh2 Rb3 28. g5 hxg5 29. Qxg5 Ne7 30. h6 Nf5 31. hxg7 Bxg7 32. Rc3 Rxb2 33. Nxb2 Qxb2 34. Qd2 Qxd2 35. Rxd2 Bf8 36. Rc4 Ra8 37. Rd3 Ne7 38. Ng5 Nd5 39. Ne4 Be7 40. Rg3+ Kf8 41. Nc5 b5 42. Rc1 Bxc5 43. Rxc5 Ne7 44. Kg2 Rd8 45. Rg4 Ke8 46. Rc1 Rd5 47. Rh1 Nf5 48. Rh8+ Ke7 49. Rc8 Nxd4 50. Rc7+ Kf8 51. Rf4 Nf5 52. Rxc6 Rxe5 53. Rb6 Ke7 54. Rb7+ Kf6 55. Rb4 Nd6 56. Rb6 Rd5 57. Rf4+ Ke5 58. Rf3 Nc4 59. Rb7 f5 60. Rc3 Kd4 61. Rh3 e5 62. Rf7 e4 63. Kf1 Nd2+ 64. Ke2 Nf3 65. Rc7 Ke5 66. Rh5 Rd2+ 67. Ke3 Rd3+ 68. Ke2 Kf4 69. Rc5 Rd2+ 70. Kf1 Rd1+ 71. Kg2 Rg1+ 72. Kh3 Rh1+ 73. Kg2 Rxh5 74. Rxb5 Rh2+ 75. Kf1 Rh1+ 76. Kg2 Rg1+ 77. Kh3 Ra1 78. Kg2 Rxa3 79. Ra5 Ra1 80. Kh3 a3 81. Kg2 Kg4 0-1


[Site "https://www.chess.com"]

[Event "Titled Tuesday Blitz May 17 Late 2022"]
[White "Vypkhaniuk, Ihor"]
[Black "Andreikin, Dmitry"]
[WhiteFideId "14112256"]
[BlackFideId "4158814"]
[WhiteElo "2346"]
[BlackElo "2736"]
[Result "0-1"]
[Round "04"]
[TimeControl "180+1"]
[Date "2022.05.17"]
[WhiteClock "0:00:09"]
[BlackClock "0:01:24"]

1. d4 Nf6 2. c4 e6 3. g3 c5 4. Nf3 cxd4 5. Nxd4 d5 6. Bg2 dxc4 7. Qa4+ Nbd7 8. O-O Bc5 9. Qxc4 O-O 10. Nb3 Bb6 11. Rd1 Qe7 12. Nc3 Ne5 13. Qf4 Neg4 14. e3 e5 15. Qc4 Be6 16. Qe2 e4 17. h3 Ne5 18. Nd4 Bc4 19. Qc2 Bd3 20. Qb3 Rad8 21. Bd2 h5 22. Na4 Bxd4 23. exd4 Rxd4 24. Be3 Rc4 25. Rac1 Rfc8 26. Rxc4 Rxc4 27. Rc1 Rxc1+ 28. Bxc1 b5 29. Nc3 Nf3+ 30. Kh1 Qd7 31. Be3 a5 32. a4 b4 33. Nb5 Nd5 34. Bxf3 Qxh3+ 35. Kg1 exf3 36. Qxd5 Qg2# 0-1


[Site "https://www.chess.com"]

[Event "Titled Tuesday Blitz May 17 Late 2022"]
[White "Xiong, Jeffery"]
[Black "Wieczorek, Oskar"]
[WhiteFideId "2047640"]
[BlackFideId "1133950"]
[WhiteElo "2727"]
[BlackElo "2330"]
[Result "1-0"]
[Round "04"]
[TimeControl "180+1"]
[Date "2022.05.17"]
[WhiteClock "0:01:21"]
[BlackClock "0:00:25"]

1. e4 c5 2. Nf3 e6 3. c3 d5 4. exd5 exd5 5. d4 Nc6 6. Bb5 Bd6 7. O-O Ne7 8. Bg5 f6 9. Be3 c4 10. b3 cxb3 11. axb3 O-O 12. Bd3 Bg4 13. h3 Bh5 14. Nbd2 Rc8 15. Re1 Qd7 16. Nf1 Rfe8 17. g4 Bg6 18. Nh4 Bxd3 19. Qxd3 a6 20. Bd2 Kf7 21. Qf3 Bb8 22. Ne3 Kg8 23. Nhf5 Nxf5 24. Nxf5 Kh8 25. h4 h6 26. h5 Ne7 27. Nxh6 gxh6 28. Qxf6+ Kg8 29. Re6 Rc6 30. Rae1 Qc7 31. R1e5 Rf8 32. Qxh6 1-0


[Site "https://www.chess.com"]

[Event "Titled Tuesday Blitz May 17 Late 2022"]
[White "Yurovskykh, Oleksandr"]
[Black "Bryakin, Mikhail"]
[WhiteFideId "14134020"]
[BlackFideId "4165314"]
[WhiteElo "2292"]
[BlackElo "2417"]
[Result "0-1"]
[Round "04"]
[TimeControl "180+1"]
[Date "2022.05.17"]
[WhiteClock "0:00:31"]
[BlackClock "0:01:33"]

1. d4 Nf6 2. Nf3 c5 3. c3 g6 4. Bg5 Bg7 5. Nbd2 O-O 6. Bxf6 Bxf6 7. Ne4 Bg7 8. Nxc5 b6 9. Nb3 Bb7 10. e3 d6 11. Be2 Nd7 12. O-O Qc7 13. Nfd2 Rae8 14. Bf3 Bc8 15. a4 e5 16. a5 f5 17. axb6 axb6 18. Ra8 e4 19. Be2 Nf6 20. Qa1 f4 21. exf4 Nd5 22. g3 Nxf4 23. gxf4 d5 24. Qa7 Qxf4 25. Qb8 Be5 26. dxe5 Bh3 0-1


[Site "https://www.chess.com"]

[Event "Titled Tuesday Blitz May 17 Late 2022"]
[White "Abdyzhapar, Asylbek"]
[Black "Tang, Andrew"]
[WhiteFideId "13800337"]
[BlackFideId "2059630"]
[WhiteElo "2331"]
[BlackElo "2584"]
[Result "1-0"]
[Round "05"]
[TimeControl "180+1"]
[Date "2022.05.17"]
[WhiteClock "0:00:43"]
[BlackClock "0:00:02"]

1. d4 d5 2. Bf4 Nf6 3. e3 e6 4. c3 Bd6 5. Bg3 c5 6. Nd2 Qc7 7. dxc5 Bxg3 8. hxg3 Qxc5 9. Ngf3 b6 10. Bd3 Bb7 11. Qe2 Nc6 12. O-O-O a5 13. Kb1 a4 14. a3 h6 15. Rh4 Ke7 16. e4 g5 17. Rhh1 Rad8 18. e5 Nd7 19. g4 Ra8 20. g3 Ra5 21. Rhe1 Rha8 22. Qf1 Ba6 23. Bxa6 R8xa6 24. Qd3 Ra8 25. Re2 Rd8 26. Qh7 Rb5 27. Ka1 d4 28. c4 Ra5 29. Qxh6 Rg8 30. Qh7 Rg6 31. Rde1 b5 32. Ne4 Qb6 33. Nexg5 Nd8 34. Nxf7 Nxf7 35. Qxg6 bxc4 36. Ng5 Nfxe5 37. Qg7+ Kd6 38. Rxe5 Nxe5 39. Rxe5 c3 40. Rxe6+ Kc5 41. Rxb6 c2 42. Qc7+ 1-0


[Site "https://www.chess.com"]

[Event "Titled Tuesday Blitz May 17 Late 2022"]
[White "Adewumi, Tanitoluwa"]
[Black "Popilski, Gil"]
[WhiteFideId "30966396"]
[BlackFideId "2809060"]
[WhiteElo "2509"]
[BlackElo "2537"]
[Result "0-1"]
[Round "05"]
[TimeControl "180+1"]
[Date "2022.05.17"]
[WhiteClock "0:00:05"]
[BlackClock "0:00:38"]

1. d4 d5 2. Bf4 c5 3. e3 Nc6 4. Nc3 cxd4 5. exd4 a6 6. Nf3 Bg4 7. Be2 e6 8. O-O Bd6 9. Bxd6 Qxd6 10. Ne5 Bxe2 11. Qxe2 Nxd4 12. Qg4 Qxe5 13. Rae1 Nh6 14. Qd1 Qf4 15. Nxd5 Nf3+ 16. Qxf3 Qxf3 17. gxf3 Rc8 18. c3 Nf5 19. Re5 Nh4 20. Re3 Rd8 21. Nb6 h5 22. h3 Rh6 23. Kh2 Rf6 24. f4 Rxf4 25. Kg3 g5 26. Re5 Rd3+ 27. Kh2 Nf3+ 0-1


[Site "https://www.chess.com"]

[Event "Titled Tuesday Blitz May 17 Late 2022"]
[White "Andreikin, Dmitry"]
[Black "Tristan, Leonardo"]
[WhiteFideId "4158814"]
[BlackFideId "113816"]
[WhiteElo "2736"]
[BlackElo "2404"]
[Result "1-0"]
[Round "05"]
[TimeControl "180+1"]
[Date "2022.05.17"]
[WhiteClock "0:01:27"]
[BlackClock "0:00:14"]

1. d4 d5 2. c4 e6 3. Nc3 a6 4. cxd5 exd5 5. Nf3 Nf6 6. Bg5 Be6 7. Bxf6 Qxf6 8. Qb3 Ra7 9. e3 Qd8 10. Bd3 Nd7 11. O-O-O c6 12. h4 h6 13. Ne2 Bd6 14. Nf4 Bg4 15. Ne2 O-O 16. Kb1 Re8 17. Qc2 Nf6 18. Nc3 a5 19. Bf5 Bxf5 20. Qxf5 Qd7 21. Qxd7 Nxd7 22. g4 a4 23. a3 b5 24. Na2 Nb6 25. Ne1 Re4 26. Rg1 h5 27. gxh5 Rxh4 28. Nd3 Rxh5 29. Nab4 Bxb4 30. Nxb4 Rc7 31. Rh1 Rxh1 32. Rxh1 Nc4 33. Kc2 f6 34. Kc3 Kf7 35. Rh8 Nd6 36. Nd3 Rc8 37. Rh1 g5 38. Kb4 Kg6 39. Kc5 Ne4+ 40. Kb6 g4 41. Rc1 Kf5 42. Rc2 Rb8+ 43. Kc7 Re8 44. Kd7 Rg8 45. Rxc6 Nxf2 46. Nxf2 g3 47. Nh3 g2 48. Ng1 Rg7+ 49. Kd6 Ke4 50. Kc5 f5 51. Re6+ Kd3 52. Kxd5 Kd2 53. Ke5 Kxe3 54. Kf6+ Kf2 55. Nh3+ Kg3 56. Re3+ Kh2 57. Kxg7 f4 58. Rf3 1-0


[Site "https://www.chess.com"]

[Event "Titled Tuesday Blitz May 17 Late 2022"]
[White "Babazada, Khazar"]
[Black "Tanenbaum, Zachary"]
[WhiteFideId "13413554"]
[BlackFideId "2060850"]
[WhiteElo "2406"]
[BlackElo "2168"]
[Result "1/2-1/2"]
[Round "05"]
[TimeControl "180+1"]
[Date "2022.05.17"]
[WhiteClock "0:00:08"]
[BlackClock "0:00:08"]

1. e4 e5 2. Nf3 Nc6 3. Bb5 a6 4. Ba4 d6 5. O-O Nf6 6. Re1 Be7 7. c3 O-O 8. h3 b5 9. Bc2 Nb8 10. d4 Nbd7 11. Nbd2 Bb7 12. a4 Re8 13. Bd3 c6 14. Qc2 Bf8 15. b3 g6 16. Bb2 Bg7 17. Bf1 Qe7 18. axb5 axb5 19. Rxa8 Rxa8 20. c4 bxc4 21. Bxc4 exd4 22. Bxd4 Ne5 23. Nxe5 dxe5 24. Bc3 Nd7 25. b4 Nf8 26. Nb3 Bc8 27. Rd1 Be6 28. Qe2 Bxc4 29. Qxc4 Qe6 30. Qxe6 Nxe6 31. Na5 c5 32. b5 Nd4 33. Bxd4 exd4 34. Nc6 c4 35. b6 c3 36. b7 Rf8 37. Nxd4 Rb8 38. Ne2 Rxb7 39. Rc1 Rc7 40. Rc2 Kf8 41. f4 Rc4 42. e5 f6 43. exf6 Bxf6 44. Kf2 Ke7 45. Ke3 Kd6 46. Kd3 Kd5 47. Ra2 Rc5 48. g4 c2 49. Rxc2 Rxc2 50. Kxc2 Ke4 51. Kd2 Bd8 52. f5 gxf5 53. gxf5 Kxf5 54. Ke3 Kg5 55. Kf3 Kh4 56. Kg2 Bc7 57. Nd4 Kh5 58. Nf5 Bb8 59. Kf3 Kg5 60. Nd4 Kh4 61. Kg2 Ba7 62. Nf5+ Kg5 63. Ng3 Kh4 64. Ne4 Bb8 65. Nf6 h6 66. Ne4 Ba7 67. Nd6 Bb8 68. Nf7 Kh5 69. Nd8 Kh4 70. Nc6 Bc7 71. Nd4 Bb8 72. Nf3+ Kh5 73. Kf1 Kg6 74. Ke2 Kf5 75. Ke3 Ba7+ 76. Ke2 Kf4 77. Nh4 h5 78. Ng6+ Kg3 79. Kf1 Bb8 80. Kg1 Bd6 81. h4 Kg4 82. Kg2 Kf5 83. Nh8 Kf6 84. Kf3 Kg7 85. Ng6 Kxg6 86. Kg2 Kf5 87. Kh1 Kg4 88. Kg1 Kh3 89. Kh1 Bc5 1/2-1/2


[Site "https://www.chess.com"]

[Event "Titled Tuesday Blitz May 17 Late 2022"]
[White "Bluebaum, Matthias"]
[Black "Lamaze, Simon"]
[WhiteFideId "24651516"]
[BlackFideId "36069264"]
[WhiteElo "2556"]
[BlackElo "1999"]
[Result "1-0"]
[Round "05"]
[TimeControl "180+1"]
[Date "2022.05.17"]
[WhiteClock "0:01:58"]
[BlackClock "0:00:16"]

1. d4 Nf6 2. c4 e6 3. Nc3 Bb4 4. e3 O-O 5. Bd3 d5 6. cxd5 exd5 7. a3 Bxc3+ 8. bxc3 c5 9. Ne2 b6 10. O-O Ba6 11. f3 Qc8 12. Ng3 Bxd3 13. Qxd3 Qa6 14. Qb1 Qc4 15. Bb2 Nc6 16. e4 cxd4 17. cxd4 Nxd4 18. Kh1 Qa4 19. Qd3 Nb3 20. Bxf6 gxf6 21. Rab1 Nc5 22. Qxd5 Qd7 23. Qh5 Kh8 24. Qh6 Qe6 25. Nf5 Rg8 26. Rbd1 Rg6 27. Qh4 Rag8 28. Rf2 Qe5 29. h3 a5 30. Rd5 Qa1+ 31. Kh2 Qxa3 32. Ne7 Nd3 33. Nxg6+ Rxg6 34. Rd8+ Kg7 35. Rc2 Qe7 36. Rxd3 Qe5+ 37. f4 Qxe4 38. Rcd2 a4 39. Qf2 b5 40. Rd4 Qe7 41. Rd7 Qe4 42. Rd8 a3 43. Qc5 Qxf4+ 44. Kg1 a2 45. Qf8# 1-0


[Site "https://www.chess.com"]

[Event "Titled Tuesday Blitz May 17 Late 2022"]
[White "Bok, Benjamin"]
[Black "Martinez Alcantara, Jose Eduardo"]
[WhiteFideId "1017063"]
[BlackFideId "3805662"]
[WhiteElo "2658"]
[BlackElo "2690"]
[Result "0-1"]
[Round "05"]
[TimeControl "180+1"]
[Date "2022.05.17"]
[WhiteClock "0:00:08"]
[BlackClock "0:00:16"]

1. c4 c5 2. Nf3 Nf6 3. Nc3 d5 4. cxd5 Nxd5 5. e3 Nxc3 6. dxc3 Qxd1+ 7. Kxd1 Nc6 8. e4 e6 9. Be3 Bd7 10. Kc2 Be7 11. Be2 O-O-O 12. a4 f6 13. Rhd1 Kc7 14. a5 Bc8 15. Nd2 e5 16. Bc4 Nd4+ 17. Kc1 Bd7 18. f3 Nc6 19. Kc2 b6 20. axb6+ axb6 21. Bd5 Bc8 22. Bf2 Bb7 23. Nc4 Ra8 24. b4 cxb4 25. Bxb6+ Kb8 26. Bxc6 Bxc6 27. Na5 Rc8 28. c4 Be8 29. Kb3 Bf8 30. c5 Bxc5 31. Bxc5 Rxc5 32. Rd8+ Rc8 33. Rxc8+ Kxc8 34. Kxb4 Kd7 35. Nb3 Rb8+ 36. Kc3 Rc8+ 37. Kd2 Rc7 38. Ra8 Ke7 39. Nc1 Bb5 40. Ra5 Bf1 41. g3 Bg2 42. Ra3 Rd7+ 43. Ke3 Rc7 44. Ne2 Rc2 45. Kf2 Bh3 46. g4 h5 47. gxh5 Be6 48. Ra7+ Kf8 49. Ke3 Bc4 50. Ng3 Rxh2 51. Ra8+ Kf7 52. Ra7+ Kg8 53. f4 exf4+ 54. Kxf4 Be6 55. Re7 Rh4+ 56. Kf3 Bg4+ 57. Kf2 Kf8 58. Ra7 Rh3 59. Nf5 Bxf5 60. exf5 Rxh5 61. Ra5 Kg8 62. Kf3 Kh7 63. Kg4 Rg5+ 64. Kf4 Rh5 65. Ra2 Kh6 66. Ra8 Rh4+ 67. Kg3 Kg5 68. Rg8 Rh7 69. Kf3 Kxf5 70. Ra8 g5 71. Ra5+ Kg6 72. Kg4 Rh4+ 73. Kg3 Rb4 74. Ra8 Rb3+ 75. Kg2 f5 76. Ra6+ Kh5 77. Ra8 Kg4 78. Ra4+ f4 79. Rc4 Rb2+ 80. Kg1 Kg3 81. Rc3+ f3 0-1


[Site "https://www.chess.com"]

[Event "Titled Tuesday Blitz May 17 Late 2022"]
[White "Bryakin, Mikhail"]
[Black "Xiong, Jeffery"]
[WhiteFideId "4165314"]
[BlackFideId "2047640"]
[WhiteElo "2417"]
[BlackElo "2727"]
[Result "0-1"]
[Round "05"]
[TimeControl "180+1"]
[Date "2022.05.17"]
[WhiteClock "0:00:02"]
[BlackClock "0:00:20"]

1. Nf3 c5 2. b3 g6 3. Bb2 Nf6 4. e4 Bg7 5. d3 O-O 6. Nbd2 Nc6 7. Be2 d5 8. O-O b6 9. Re1 Bb7 10. e5 Nd7 11. Bf1 e6 12. g3 b5 13. h4 Qc7 14. Qe2 d4 15. a4 a6 16. Bg2 Ncxe5 17. Nxe5 Nxe5 18. Bxb7 Qxb7 19. Qe4 Qxe4 20. Rxe4 Nc6 21. Re2 Rfd8 22. Ne4 Bf8 23. Ba3 Nb4 24. Bxb4 cxb4 25. axb5 axb5 26. Rxa8 Rxa8 27. Ng5 h6 28. Nf3 Bg7 29. Ne5 Rc8 30. f4 Kf8 31. Kg2 g5 32. hxg5 hxg5 33. Kf3 f6 34. Ng4 f5 35. Nf2 g4+ 36. Kg2 Ke7 37. Nd1 Kd6 38. Nf2 Ra8 39. Rd2 Ra1 40. Rd1 Ra2 41. Rd2 e5 42. fxe5+ Bxe5 43. Re2 Bf6 44. Rd2 Bg5 45. Re2 Ra1 46. Kh2 Be3 47. Kg2 Rc1 48. Nh1 Ke5 49. Nf2 Kf6 50. Nh1 Kg5 51. Nf2 Rb1 52. Nh1 Rg1+ 53. Kh2 Rf1 54. Kg2 Rg1+ 55. Kh2 f4 56. gxf4+ Kxf4 57. Rg2 Rc1 58. Ng3 Kf3 59. Nh5 Bf2 60. Ng3 Rxc2 61. Ne4 Bg1+ 0-1


[Site "https://www.chess.com"]

[Event "Titled Tuesday Blitz May 17 Late 2022"]
[White "Chigaev, Maksim"]
[Black "Barria Zuniga, Daniel"]
[WhiteFideId "4108116"]
[BlackFideId "3400816"]
[WhiteElo "2457"]
[BlackElo "2414"]
[Result "1/2-1/2"]
[Round "05"]
[TimeControl "180+1"]
[Date "2022.05.17"]
[WhiteClock "0:00:04"]
[BlackClock "0:00:10"]

1. d4 d5 2. c4 e6 3. Nf3 Nf6 4. Nc3 dxc4 5. e4 Bb4 6. Bxc4 Nxe4 7. O-O Nf6 8. Qe2 O-O 9. Rd1 c6 10. Ne5 Be7 11. Rd3 a5 12. Rg3 Qxd4 13. Bh6 g6 14. Rd1 Qc5 15. Bxf8 Kxf8 16. Rg5 Nd5 17. Qf3 f5 18. Bxd5 Bxg5 19. Ne4 Qe7 20. Bc4 Bh6 21. Nd6 Bg7 22. Nxc8 Qc7 23. Nxg6+ hxg6 24. Bxe6 Na6 25. Qa3+ Nb4 26. Rd7 Qe5 27. Rf7+ Ke8 28. Re7+ Kf8 29. Rf7+ Ke8 30. Re7+ Kf8 31. Rf7+ 1/2-1/2


[Site "https://www.chess.com"]

[Event "Titled Tuesday Blitz May 17 Late 2022"]
[White "Czopor, Maciej"]
[Black "Shimanov, Aleksandr"]
[WhiteFideId "21805431"]
[BlackFideId "4198603"]
[WhiteElo "1999"]
[BlackElo "2605"]
[Result "0-1"]
[Round "05"]
[TimeControl "180+1"]
[Date "2022.05.17"]
[WhiteClock "0:00:05"]
[BlackClock "0:00:54"]

1. d4 Nf6 2. c4 g6 3. Nc3 Bg7 4. e4 O-O 5. Be2 d6 6. Be3 e5 7. d5 Na6 8. h4 Nc5 9. Qc2 h5 10. Nh3 a5 11. Ng5 Bd7 12. O-O-O a4 13. f3 Qe7 14. Rdg1 c6 15. g4 Rfc8 16. dxc6 Bxc6 17. Kb1 Ne6 18. Qd2 Nd4 19. Nd5 Bxd5 20. exd5 a3 21. b3 b5 22. Bxd4 exd4 23. cxb5 Nxd5 24. Bc4 Nc3+ 25. Ka1 d3 26. Qxd3 d5 0-1


[Site "https://www.chess.com"]

[Event "Titled Tuesday Blitz May 17 Late 2022"]
[White "Grischuk, Alexander"]
[Black "Zakhartsov, Vladimir"]
[WhiteFideId "4126025"]
[BlackFideId "4145097"]
[WhiteElo "2762"]
[BlackElo "2428"]
[Result "1/2-1/2"]
[Round "05"]
[TimeControl "180+1"]
[Date "2022.05.17"]
[WhiteClock "0:00:06"]
[BlackClock "0:00:24"]

1. d4 Nf6 2. c4 e6 3. Nc3 Bb4 4. e3 O-O 5. Bd3 b6 6. Ne2 Bb7 7. a3 Be7 8. e4 d5 9. cxd5 exd5 10. e5 Ne4 11. O-O c5 12. Be3 Nxc3 13. bxc3 Ba6 14. Ng3 Bxd3 15. Qxd3 Qd7 16. Nf5 cxd4 17. Bh6 gxh6 18. Qg3+ Bg5 19. Nxh6+ Kh8 20. Qxg5 Qe6 21. cxd4 Nc6 22. Rad1 f6 23. exf6 Qxf6 24. h4 Nxd4 25. Qxf6+ Rxf6 26. Rxd4 Rxh6 27. Re1 Rd8 28. Re7 a6 29. g3 b5 30. Kf1 Rc6 31. Rf4 d4 32. Rff7 h6 33. Rh7+ Kg8 34. Reg7+ Kf8 35. Ra7 Kg8 36. Rag7+ Kf8 37. Ra7 Kg8 38. Rhg7+ Kh8 39. Rh7+ Kg8 1/2-1/2


[Site "https://www.chess.com"]

[Event "Titled Tuesday Blitz May 17 Late 2022"]
[White "Guzman, Christopher"]
[Black "Jian, Alex"]
[WhiteFideId "6405096"]
[BlackFideId "30901022"]
[WhiteElo "2244"]
[BlackElo "2111"]
[Result "1-0"]
[Round "05"]
[TimeControl "180+1"]
[Date "2022.05.17"]
[WhiteClock "0:01:02"]
[BlackClock "0:00:08"]

1. e4 c5 2. Nf3 e6 3. d4 cxd4 4. Nxd4 a6 5. g3 Nf6 6. Bg2 Be7 7. O-O d6 8. c4 O-O 9. b3 Qc7 10. Bb2 Nc6 11. Nc3 Bd7 12. Rc1 Nxd4 13. Qxd4 Bc6 14. Nd5 Qd8 15. Nxe7+ Qxe7 16. Rfd1 Rfd8 17. Ba3 Ne8 18. e5 dxe5 19. Bxe7 Rxd4 20. Rxd4 exd4 21. Bxc6 bxc6 22. Rd1 e5 23. f4 f6 24. fxe5 fxe5 25. Re1 d3 26. Bb4 Rd8 27. Bd2 Nf6 28. Rxe5 Kf7 29. h3 Kg6 30. Kf2 Rd7 31. Ke3 Nh5 32. g4 Ng3 33. Kf2 Nh1+ 34. Kg2 Rf7 35. Kxh1 Rf2 36. Ba5 Rxa2 37. Bb4 d2 38. Bxd2 Rxd2 39. Re3 Rb2 40. Kg1 Kg5 41. Kf1 Kf4 42. Rd3 Ke4 43. Rg3 Kf4 44. Rc3 Ke4 45. Ke1 Kd4 46. Rf3 Ke4 47. Rg3 c5 48. Kd1 g5 49. Kc1 Rh2 50. Kb1 Kd4 51. Rf3 h6 52. Kc1 Ke4 53. Rg3 Kf4 54. Rc3 Ke4 55. Kb1 Kd4 56. Rf3 Ke4 57. Rf5 Rxh3 58. Kb2 Rh2+ 59. Kc3 h5 60. Rxg5 h4 61. Rxc5 h3 62. Rh5 Rh1 63. Kb4 h2 64. c5 Kf4 65. c6 Kxg4 66. Rh8 Rc1 67. Rxh2 Rxc6 68. Ka4 Kf5 69. Re2 Kf4 70. Ka5 Rg6 71. b4 Kf3 72. Re8 Kf4 73. Ra8 Ke4 74. Rxa6 Rg5+ 75. b5 Kd4 76. Rc6 Rg8 77. b6 Kd5 78. Rc2 Rg1 79. b7 Ra1+ 80. Kb6 Rb1+ 81. Kc7 Rb3 82. b8=Q Rxb8 83. Kxb8 Kd4 84. Kb7 Kd3 85. Rc6 Kd4 86. Kb6 Kd5 87. Kb5 Ke5 88. Kc5 Kf5 89. Rd6 Kg5 90. Kd5 Kf5 91. Re6 1-0


[Site "https://www.chess.com"]

[Event "Titled Tuesday Blitz May 17 Late 2022"]
[White "Hansen, Eric"]
[Black "Dubov, Daniil"]
[WhiteFideId "2606771"]
[BlackFideId "24126055"]
[WhiteElo "2568"]
[BlackElo "2791"]
[Result "1-0"]
[Round "05"]
[TimeControl "180+1"]
[Date "2022.05.17"]
[WhiteClock "0:00:07"]
[BlackClock "0:00:08"]

1. e4 c6 2. d4 d5 3. e5 Bf5 4. Nf3 e6 5. Be2 Ne7 6. Nbd2 Nd7 7. Nb3 h6 8. O-O Bh7 9. a4 a5 10. Bd2 Qc7 11. Rc1 g5 12. Ne1 Bg7 13. Bd3 Nf5 14. g4 Nh4 15. f4 gxf4 16. Bxf4 Ng6 17. Bg3 Qb6 18. Kh1 Rf8 19. Qd2 Qb4 20. Qxb4 axb4 21. a5 f6 22. exf6 Rxf6 23. Nf3 Rf7 24. Rce1 Ke7 25. Re3 Raf8 26. Be1 Re8 27. Bxb4+ Kd8 28. Rfe1 e5 29. dxe5 Rxf3 30. Rxf3 Ngxe5 31. Rfe3 Bxd3 32. cxd3 Rg8 33. h3 Bf6 34. Bc3 Ng6 35. Nc5 Nxc5 36. Bxf6+ Kd7 37. b4 Na6 38. Bc3 Rf8 39. Kg1 Nf4 40. Rf1 Ng6 41. Rxf8 Nxf8 42. d4 Ne6 43. Rf3 Nac7 44. h4 Nb5 45. Kf2 Nbxd4 46. Bxd4 Nxd4 47. Rf7+ Kc8 48. g5 hxg5 49. h5 1-0


[Site "https://www.chess.com"]

[Event "Titled Tuesday Blitz May 17 Late 2022"]
[White "Izoria, Zviad"]
[Black "Holt, Conrad"]
[WhiteFideId "13601733"]
[BlackFideId "2034387"]
[WhiteElo "2626"]
[BlackElo "2586"]
[Result "0-1"]
[Round "05"]
[TimeControl "180+1"]
[Date "2022.05.17"]
[WhiteClock "0:00:02"]
[BlackClock "0:00:12"]

1. c4 c6 2. e4 d5 3. exd5 Nf6 4. d4 cxd5 5. Nc3 e6 6. Nf3 Bb4 7. Bd3 dxc4 8. Bxc4 O-O 9. O-O h6 10. a3 Bxc3 11. bxc3 Qc7 12. Bd3 Qxc3 13. Bf4 Nd5 14. Bd6 Rd8 15. Rc1 Qa5 16. Bg3 Nc6 17. Ne5 Nxe5 18. Bxe5 Qxa3 19. Qg4 Qf8 20. Bc4 Bd7 21. Rfe1 Rac8 22. Qg3 Rc6 23. Bxd5 exd5 24. Rb1 Rg6 25. Qb3 Bc6 26. Bg3 Re8 27. h3 Rge6 28. Re5 Rxe5 29. Bxe5 f6 30. Bf4 a5 31. Qc3 a4 32. Bc1 Re2 33. Ba3 Qe8 34. Rb2 Re1+ 35. Kh2 Qb8+ 36. g3 Qe8 37. Bd6 Qe4 38. f3 Qe3 39. Qxe3 Rxe3 40. Kg2 Kf7 41. Kf2 Rc3 42. Bc5 h5 43. g4 h4 44. Re2 Kg8 45. Rb2 Rc1 46. Kg2 Rd1 47. Kf2 Kh7 48. Kg2 Kg6 49. Kf2 f5 0-1


[Site "https://www.chess.com"]

[Event "Titled Tuesday Blitz May 17 Late 2022"]
[White "Jobava, Baadur"]
[Black "Ostrovskiy, Aleksandr"]
[WhiteFideId "13601520"]
[BlackFideId "2034239"]
[WhiteElo "2617"]
[BlackElo "2340"]
[Result "1-0"]
[Round "05"]
[TimeControl "180+1"]
[Date "2022.05.17"]
[WhiteClock "0:00:29"]
[BlackClock "0:00:08"]

1. b3 d5 2. Bb2 Bf5 3. d3 e6 4. Nd2 Nf6 5. g3 h6 6. Bg2 c6 7. e4 Bh7 8. Ne2 a5 9. a3 Be7 10. O-O O-O 11. Re1 a4 12. b4 c5 13. bxc5 Bxc5 14. Nf4 dxe4 15. dxe4 Nc6 16. e5 Nd5 17. Nxd5 exd5 18. Rb1 Re8 19. h4 Rc8 20. Nf1 Ne7 21. Re2 Bf5 22. Kh2 Bg4 23. f3 Be6 24. Rd2 Qc7 25. f4 Nf5 26. h5 Red8 27. Rd3 d4 28. Bc1 b6 29. Qe2 Bc4 30. Bh3 Be6 31. Qe4 Ne3 32. Nxe3 dxe3 33. Bxe6 fxe6 34. Bxe3 Bxe3 35. Rxe3 Qxc2+ 36. Qxc2 Rxc2+ 37. Kh3 Rc6 38. Rb4 Ra8 39. Kg4 Ra5 40. Ree4 b5 41. Re3 Rc5 42. Rd3 Ra6 43. Kf3 Rb6 44. Ke4 Rc4+ 45. Rxc4 bxc4 46. Rc3 Rb3 47. Kd4 Rb1 48. Kxc4 Rg1 49. Kb4 Rh1 50. Kxa4 Rxh5 51. Kb5 Rh1 52. Rb3 Ra1 53. a4 h5 54. a5 Kh7 55. a6 g5 56. fxg5 Kg6 57. Rb4 Kxg5 58. Ra4 Rd1 59. a7 1-0


[Site "https://www.chess.com"]

[Event "Titled Tuesday Blitz May 17 Late 2022"]
[White "Keymer, Vincent"]
[Black "Rustemov, Alexander"]
[WhiteFideId "12940690"]
[BlackFideId "4119002"]
[WhiteElo "2548"]
[BlackElo "2800"]
[Result "1-0"]
[Round "05"]
[TimeControl "180+1"]
[Date "2022.05.17"]
[WhiteClock "0:00:24"]
[BlackClock "0:00:23"]

1. Nf3 d5 2. e3 c6 3. c4 Nf6 4. Nc3 a6 5. d4 b5 6. b3 Bf5 7. Bd3 Bxd3 8. Qxd3 e6 9. O-O Be7 10. a4 b4 11. Ne2 a5 12. Bb2 O-O 13. Rac1 Nbd7 14. Rfd1 Qb6 15. Ng3 Rfd8 16. e4 dxe4 17. Nxe4 Nxe4 18. Qxe4 Bf6 19. h4 Qc7 20. Rd2 Rac8 21. Rcd1 Nf8 22. g3 h6 23. Kg2 Ng6 24. Bc1 Rd7 25. h5 Ne7 26. Rd3 Rcd8 27. Bf4 Qb6 28. Be5 Bxe5 29. Nxe5 Rc7 30. Qg4 Nf5 31. d5 cxd5 32. cxd5 Rc2 33. Qf4 Rxd5 34. Rxd5 exd5 35. Qxf5 Qe6 36. Qxc2 Qxe5 37. Qd3 1-0


[Site "https://www.chess.com"]

[Event "Titled Tuesday Blitz May 17 Late 2022"]
[White "Korchmar, Vasiliy"]
[Black "Sanal, Vahap"]
[WhiteFideId "24131750"]
[BlackFideId "6300545"]
[WhiteElo "2370"]
[BlackElo "2574"]
[Result "1-0"]
[Round "05"]
[TimeControl "180+1"]
[Date "2022.05.17"]
[WhiteClock "0:00:21"]
[BlackClock "0:00:25"]

1. e4 c5 2. Nf3 d6 3. d4 cxd4 4. Nxd4 Nf6 5. Nc3 a6 6. f3 e6 7. Be3 b5 8. a3 Be7 9. g4 Qc7 10. g5 Nfd7 11. h4 Ne5 12. Rg1 Nc4 13. Bxc4 Qxc4 14. h5 g6 15. Qd2 Nd7 16. O-O-O Rb8 17. f4 b4 18. axb4 Qxb4 19. Nb3 a5 20. Qd4 Rg8 21. hxg6 hxg6 22. Rh1 Bb7 23. Rh8 Rxh8 24. Qxh8+ Nf8 25. Ba7 Ra8 26. Rd4 Rxa7 27. Rxb4 axb4 28. Nb5 Ra4 29. Qd4 e5 30. fxe5 Ne6 31. Nxd6+ Kf8 32. Qb6 Ba6 33. Qb8+ Nd8 34. Kb1 Bf1 35. Nc5 Ra5 36. Ncb7 Rxe5 37. Nxd8 1-0


[Site "https://www.chess.com"]

[Event "Titled Tuesday Blitz May 17 Late 2022"]
[White "Kozak, Adam"]
[Black "Horobetz, Graham"]
[WhiteFideId "753246"]
[BlackFideId "2047322"]
[WhiteElo "2459"]
[BlackElo "2610"]
[Result "1-0"]
[Round "05"]
[TimeControl "180+1"]
[Date "2022.05.17"]
[WhiteClock "0:01:32"]
[BlackClock "0:00:05"]

1. e4 c5 2. Nf3 d6 3. Bb5+ Nd7 4. a4 Nf6 5. Nc3 g6 6. O-O Bg7 7. a5 a6 8. Be2 O-O 9. d3 b5 10. axb6 a5 11. Ra2 Nxb6 12. Be3 a4 13. Nd2 Bb7 14. Qa1 Bc6 15. f3 Nfd7 16. Bf2 e5 17. Nc4 Qe7 18. Qe1 f5 19. Qd2 f4 20. Rfa1 Rfb8 21. Qc1 Bf6 22. Kh1 h5 23. Ra3 Nf8 24. Nxb6 Rxb6 25. Nxa4 Rba6 26. Nc3 Rxa3 27. Rxa3 Rxa3 28. bxa3 Qa7 29. Qb2 Ne6 30. Qb3 Kf7 31. d4 exd4 32. Bc4 dxc3 33. Bxe6+ Ke7 34. Bg8 d5 35. Bxd5 Bxd5 36. Qxd5 Bd4 37. Bh4+ Kf8 38. Qd8+ Kg7 39. Qe7+ Qxe7 40. Bxe7 Kf7 41. Bg5 Be3 42. g3 Ke6 43. Bxf4 Bd2 44. Kg2 Kd7 45. Kf2 Kc6 46. Bxd2 cxd2 47. Ke2 Kb5 48. Kxd2 1-0


[Site "https://www.chess.com"]